 Dungeon Sprint DCSS version 0.30-a0-424-g7412bad402 (webtiles) character file.

Game seed: 992121277159421628

2727 rocky1 the Merfolkian Blade (level 9, -12/74 HPs)
             Began as a Merfolk Gladiator on Dec 9, 2022.
             Was an Initiate of Gozag.
             Mangled by a boulder beetle (38 damage)
             ... in the Dungeon (Sprint VII: "The Pits").
             The game lasted 00:05:20 (1326 turns).

rocky1 the Merfolkian Blade (Merfolk Gladiator)     Turns: 1326, Time: 00:05:21

Health: -12/74     AC: 12    Str: 18    XL:     9   Next: 67%
Magic:  9/9        EV: 17    Int:  7    God:    Gozag
Gold:   605        SH:  0    Dex: 20    Spells: 8/8 levels left

rFire   + . .      SeeInvis .    y - +7 scimitar "Deso" {freeze, rF+ Str+4 Stlth+}
rCold   . . .      Faith    .    (no shield)
rNeg    . . .      Spirit   .    w - +5 ring mail
rPois   .          Reflect  .    c - +0 helmet
rElec   .          Harm     .    (no cloak)
rCorr   .          Rampage  .    (no gloves)
Will    .....      NoTele   +    (no boots)
Stlth   ++........               (no amulet)
HPRegen 0.32/turn                (no ring)
MPRegen 0.11/turn                (no ring)

@: on berserk cooldown
A: (nimble swimmer 2), mertail
a: Renounce Religion, Potion Petition, Call Merchant, Bribe Branch


You were in the Dungeon.
You worshipped Gozag.
Gozag was pleased with you.
You visited 1 branch You collected 2178 gold pieces.
You spent 621 gold pieces at shops.
You paid 952 gold pieces to Gozag.

Inventory:

Hand Weapons
 a - a +0 long sword
 o - a +2 falchion
 q - a +0 long sword of holy wrath
 v - a +2 scimitar of protection
 x - a +2 rapier of venom
 y - the +7 scimitar "Deso" (weapon) {freeze, rF+ Str+4 Stlth+}
   (You bought it in a shop in the Dungeon)

   It freezes those it strikes, dealing additional cold damage.
   It can also slow down cold-blooded creatures.
   Str:       It affects your strength (+4).
   rF:        It protects you from fire.
   Stlth:     It makes you more stealthy.
 z - a +6 vorpal scimitar
 A - a +2 scimitar of freezing
Missiles
 d - 3 throwing nets (quivered)
 e - a javelin
Armour
 b - a +0 leather armour
 c - a +0 helmet (worn)
 f - a +3 scale mail
 w - a +5 ring mail (worn)
Jewellery
 h - a +3 ring of intelligence
 r - a +3 ring of strength
Scrolls
 k - a scroll of blinking
 m - 5 scrolls of amnesia
 n - a scroll of summoning
Potions
 g - 3 potions of heal wounds
 i - 4 potions of magic
 j - a potion of berserk rage
 l - 2 potions of invisibility
 p - 5 potions of curing
 s - 2 potions of haste
 t - a potion of brilliance
 u - 2 potions of mutation


   Skills:
 + Level 7.9 Fighting
 + Level 21.3 Long Blades
 - Level 2.0 Throwing
 + Level 5.1 Armour
 + Level 9.9 Dodging


You had 8 spell levels left.
You didn't know any spells.
Your spell library was empty.

Dungeon Overview and Level Annotations

Branches:
Dungeon (1/1)

Altars:
Ashenzari
Cheibriados
Dithmenos
Elyvilon
Fedhas
Gozag
Hepliaklqana
Kikubaaqudgha
Makhleb
Nemelex Xobeh
Okawaru
Qazlal
Ru
Sif Muna
Trog
Uskayaw
Vehumet
Wu Jian
Xom
Yredelemnul
Zin
The Shining One
Jiyva
Lugonu

Shops:
D (


Innate Abilities, Weirdness & Mutations

((You are very nimble when in or above water. (Stealth+, EV+, Speed+++)))
Your lower body shifts to a powerful aquatic tail in water.


Message History

The cyclops is severely wounded.
You strike the helpless cyclops from behind!
You slice the cyclops!! You freeze the cyclops.
You kill the cyclops!
Your Armour skill increases to level 5!
You are no longer berserk.
You are exhausted.
You feel yourself slow down.
You now have 371 gold pieces (gained 162).
You see here 4 large rocks.
You flicker for a moment.
There is an open door to the Storerooms (Easy), spattered with blood here.
You now have enough gold to petition Gozag for potion effects.
You now have 425 gold pieces (gained 54).
You flicker back into view.
You now have 569 gold pieces (gained 144).
There is an open door to the Storerooms (Easy), spattered with blood here.
You now have 605 gold pieces (gained 36).
Things that are here:
a +0 long sword; a +0 leather armour You start to feel less resistant.
Things that are here:
a +0 long sword; a +0 leather armour The boulder beetle bites you!
There is an open door to the Entrance Hall (Safe), spattered with blood here.
There's a creature in the doorway!
You barely miss the boulder beetle.
Your resistance to elements expires.
The boulder beetle bites you but does no damage.
You slash the boulder beetle! You freeze the boulder beetle.
The boulder beetle is moderately wounded.
The boulder beetle leaps!
You feel yourself speed up.
The boulder beetle curls into a ball and begins rolling!
There is an open door to the Entrance Hall (Safe), spattered with blood here.
The boulder beetle attacks as you move away!
The boulder beetle hits you!!!
Ouch! That really hurt!
You die...
Your body crumbles into a pile of gold.

_________.# _________.#
_______...###########++######
#########'##................#
.?(.')))'.##......#..#......#
#########.##(...............+
...........'................+
'#####'#####......#..#......#
.#...(.#..##...)@...).......#
.#.....#.)#####B#####''######
.###'###))##....○..##''#
.#.....#))##...°...##..#
.#.....#.[##.......##..# #
.####'##'###...<...##e.# .##
)#....)...##.......##..# e..#
[#........##.......##.4## .....
)###########.......##..l##....B.


You could see a boulder beetle (rolling).

Vanquished Creatures
  A deep elf zephyrmancer (D)
  2 cyclopes (D)
  An orange demon (D)
  A komodo dragon (D)
  A tarantella (D)
  2 fire bats (D)
  A steam dragon (D)
  An acid dragon (D)
  An orc warrior (D)
  A black bear (D)
  A centaur (D)
  A bullfrog (D)
  A crimson imp (D)
  An iguana (D)
  An orc wizard (D)
  2 adders (D)
  2 gnolls (D)
  A river rat (D)
  2 ufetubi (D)
  An adder skeleton (D)
  2 orcs (D)
  A bat (D)
  A giant cockroach (D)
  2 quokkas (D)
  A kobold (D)
  2 rats (D)
34 creatures vanquished.

Notes
Turn   | Place    | Note
-------+----------+-------------------------------------------
     0 | D        | rocky1 the Merfolk Gladiator began the quest for the Orb.
     0 | D        | Reached XP level 1. HP: 16/16 MP: 1/1
    15 | D        | Reached skill level 5 in Long Blades
    44 | D        | Found a bloodstained altar of Trog.
    44 | D        | Found a shimmering blue altar of Sif Muna.
    44 | D        | Found a viscous altar of Jiyva.
    44 | D        | Found a hazy altar of Hepliaklqana.
    44 | D        | Found an opulent altar of Gozag.
    45 | D        | Found a glowing golden altar of the Shining One.
    45 | D        | Found a glowing silver altar of Zin.
    45 | D        | Found a basalt altar of Yredelemnul.
    45 | D        | Found a shimmering altar of Xom.
    45 | D        | Found an ornate altar of the Wu Jian Council.
    45 | D        | Found a sacrificial altar of Ru.
    45 | D        | Found a stormy altar of Qazlal.
    45 | D        | Found an iron altar of Okawaru.
    45 | D        | Found a sparkling altar of Nemelex Xobeh.
    45 | D        | Found a burning altar of Makhleb.
    45 | D        | Found a blossoming altar of Fedhas.
    45 | D        | Found a white marble altar of Elyvilon.
    45 | D        | Found a shadowy altar of Dithmenos.
    45 | D        | Found a snail-covered altar of Cheibriados.
    48 | D        | Found a corrupted altar of Lugonu.
    48 | D        | Found a radiant altar of Vehumet.
    49 | D        | Found an ancient bone altar of Kikubaaqudgha.
    49 | D        | Found a hide-covered altar of Uskayaw.
    49 | D        | Found a broken altar of Ashenzari.
    58 | D        | Became a worshipper of Gozag Ym Sagoz the Greedy
    72 | D        | Reached skill level 6 in Long Blades
    72 | D        | Reached XP level 2. HP: 22/22 MP: 2/2
    90 | D        | Reached skill level 7 in Long Blades
    95 | D        | Reached XP level 3. HP: 12/27 MP: 3/3
   178 | D        | Reached skill level 8 in Long Blades
   352 | D        | Noticed a fire bat
   352 | D        | Noticed an orc warrior
   357 | D        | Noticed a black bear
   364 | D        | Killed a fire bat
   365 | D        | Reached skill level 13 in Long Blades
   365 | D        | Reached XP level 4. HP: 33/33 MP: 4/4
   365 | D        | Reached XP level 5. HP: 38/38 MP: 5/5
   369 | D        | Reached skill level 14 in Long Blades
   380 | D        | Killed an orc warrior
   381 | D        | Reached skill level 15 in Long Blades
   381 | D        | Reached XP level 6. HP: 21/44 MP: 6/6
   407 | D        | Killed a black bear
   408 | D        | Reached skill level 16 in Long Blades
   431 | D        | Noticed a fire bat
   442 | D        | Killed a fire bat
   443 | D        | Reached skill level 17 in Long Blades
   443 | D        | Reached XP level 7. HP: 32/50 MP: 7/7
   607 | D        | Noticed a cyclops
   617 | D        | Killed a cyclops
   618 | D        | Reached skill level 19 in Long Blades
   618 | D        | Reached XP level 8. HP: 41/56 MP: 8/8
   686 | D        | Reached skill level 20 in Long Blades
   709 | D        | Noticed a tarantella
   728 | D        | HP: 1/56 [tarantella (10)]
   737 | D        | Killed a tarantella
   738 | D        | Reached skill level 1 in Armour
   738 | D        | Reached skill level 5 in Dodging
   980 | D        | Bought an ancient scimitar for 243 gold pieces
   980 | D        | Identified the +7 scimitar "Deso" {freeze, rF+ Str+4
                  | Stlth+} (You bought it in a shop in the Dungeon)
   980 | D        | Bought a runed scimitar for 189 gold pieces
   980 | D        | Bought a runed scimitar for 189 gold pieces
  1164 | D        | Reached skill level 5 in Fighting
  1246 | D        | Noticed a deep elf zephyrmancer
  1246 | D        | Noticed a boulder beetle
  1246 | D        | Noticed a cyclops
  1246 | D        | Noticed a komodo dragon
  1246 | D        | Noticed an orange demon
  1269 | D        | Killed a deep elf zephyrmancer
  1270 | D        | Reached XP level 9. HP: 49/70 MP: 9/9
  1287 | D        | Killed a komodo dragon
  1288 | D        | Reached skill level 21 in Long Blades
  1291 | D        | Killed an orange demon
  1295 | D        | Killed a cyclops
  1296 | D        | Reached skill level 5 in Armour
  1326 | D        | Mangled by a boulder beetle

Illustrated notes

Levels and vault maps discovered:
D:        pitsprint [storerooms_1, entrance_room_1, metal_vault_3, armoury_2,
          mini_pit_1, grid_room_1, main_hall_1, silver_pit, the_coven_1,
          the_vestibule_1, steel_vault_3, golden_pit, hallway_of_sentries,
          crystal_vault_2, iron_vault_5, final_vault]

Skill      XL: |  1  2  3  4  5  6  7  8  9 |
---------------+----------------------------+-----
Long Blades    | 6 7 13 15 17 19 20 21 | 21.3
Fighting       | 6 7 |  7.9
Armour         | 3 5 |  5.1
Dodging        | 8 9 |  9.9
Throwing       | |  2.0

Action                   |  1- 3 |  4- 6 |  7- 9 || total
-------------------------+-------+-------+-------++-------
Melee: Long sword        |    19 |    39 |    43 ||   101
       Falchion          |    25 |       |       ||    25
       Punch             |     1 |     1 |       ||     2
       Scimitar          |       |       |    22 ||    22
Invok: Call Merchant     |       |       |     1 ||     1
       Potion Petition   |       |       |     1 ||     1
  Use: Potion            |     3 |     2 |     8 ||    13
 Stab: Distracted        |     1 |     1 |       ||     2
       Invisible         |       |       |     1 ||     1
Armor: Leather armour    |    10 |       |       ||    10
       Scale mail        |    15 |    11 |    17 ||    43
       Ring mail         |       |       |     9 ||     9
Dodge: Dodged            |    48 |    25 |    40 ||   113

Table legend: (Time is in decaauts)
 A = Elapsed time spent in this place.
 B = Non-inter-level travel time spent in this place.
 C = Inter-level travel time spent in this place.
 D = Time resting spent in this place.
 E = Time spent auto-exploring this place.
 F = Levels seen in this place.
 G = Mean time per level.
                   A        B        C        D        E       F      G
               +--------+--------+--------+--------+--------+-----+--------+
         Total |   1299 |   1291 |      8 |    693 |      0 |   1 | 1299.0 |
       Dungeon |   1299 |   1291 |      8 |    693 |      0 |   1 | 1299.0 |
               +--------+--------+--------+--------+--------+-----+--------+

Top non-repeatable levels by time:
       D: 1299 daAuts
